 Dungeon Crawl Stone Soup version 0.30-a0-857-gcaf70739d4 (webtiles) character file.

Game seed: 14630693481004205282

133721 cheesebisquit the Earth Mage (level 17, -7/159 HPs)
             Began as a Gargoyle Earth Elementalist on Mar 5, 2023.
             Was a High Priest of Vehumet.
             Mangled by a redback (11 damage)
             ... on level 3 of the Spider Nest.
             The game lasted 02:18:30 (44796 turns).

cheesebisquit the Earth Mage (GrEE)                Turns: 44796, Time: 02:18:31

Health: -7/159     AC: 28    Str: 13    XL:     17   Next: 15%
Magic:  33/33      EV:  2    Int: 25    God:    Vehumet [*****.]
Gold:   512        SH:  0    Dex:  8    Spells: 10/40 levels left

rFire   . . .      SeeInvis .    (no weapon)
rCold   + . .      Faith    .    (no shield)
rNeg    + . .      Spirit   .    f - melded +2 robe {Will+}
rPois   ∞          Reflect  .    H - melded +2 hat {Int+3}
rElec   .          Rampage  .    S - melded +2 cloak
rCorr   +          NoTele   +    K - melded +2 pair of gloves
Will    ++...                    w - melded +2 pair of boots {Stlth+}
Stlth   +                        d - amulet of regeneration
HPRegen 2.06/turn                g - ring "Qyiwuh" {rC+ Will+ Int+2}
MPRegen 0.23/turn                s - ring of resist corrosion

@: confused, mighty, brilliant, tree-form
A: stationary, stasis, torment immunity, boosted hp, sickness immunity, AC +12,
(big wings), negative energy resistance 1, (electricity resistance), torment
resistance 1, petrification resistance, (iridescent scales 1), clumsy 1,
regeneration 1, inability to read after injury 1
a: Renounce Religion


You were on level 3 of the Spider Nest.
You worshipped Vehumet.
Vehumet was extremely pleased with you.
You were a tree.
You visited 5 branches of the dungeon, and saw 26 of its levels.
You also visited: Ossuary.

You collected 2598 gold pieces.
You spent 2086 gold pieces at shops.

Inventory:

Hand Weapons
 F - a +0 morningstar of protection
 N - the +5 quarterstaff of the Imperium {freeze, rF+ Int+2 SInv Stlth-}
   (You found it on level 12 of the Dungeon)

   Int:       It affects your intelligence (+2).
   rF:        It protects you from fire.
   SInv:      It lets you see invisible.
   Stlth:     It makes you less stealthy.
Missiles
 b - 5 boomerangs
 i - 4 curare-tipped darts
 p - 3 boomerangs of dispersal
 C - 35 poisoned darts
 J - 6 javelins
 U - 9 atropa-tipped darts
Armour
 f - a +2 robe of willpower (melded)
 w - a +2 pair of boots of stealth (melded)
 H - a +2 hat of intelligence (melded)
 K - a +2 pair of gloves (melded)
 Q - a +2 robe of fire resistance
 S - a +2 cloak (melded)
Magical Staves
 W - a staff of earth
Jewellery
 a - a ring of see invisible
 d - an amulet of regeneration (around neck)
 g - the ring "Qyiwuh" (left branch) {rC+ Will+ Int+2}
   (You bought it in a shop on level 2 of the Orcish Mines)

   [ring of willpower]

   Int:       It affects your intelligence (+2).
   rC:        It protects you from cold.
   Will:      It increases your willpower.
 m - a ring of fire
 s - a ring of resist corrosion (right branch)
 L - a ring of wizardry
 Y - an amulet of faith
 Z - a ring of wizardry
Wands
 q - a wand of charming (21)
 t - a wand of flame (34)
 D - a wand of quicksilver (27)
 I - a wand of mindburst (13)
 O - a wand of digging (4)
 R - a wand of polymorph (5)
Scrolls
 h - 2 scrolls of silence
 k - 4 scrolls of poison
 n - a scroll of fear
 u - 3 scrolls of magic mapping
 x - 3 scrolls of vulnerability
 y - 2 scrolls of brand weapon
 A - a scroll of torment
 B - 4 scrolls of enchant weapon
 E - 7 scrolls of immolation
 G - 5 scrolls of identify
 M - a scroll of teleportation
 P - a scroll of summoning
Potions
 c - 3 potions of might
 j - 2 potions of mutation
 o - 7 potions of lignification
 v - 3 potions of berserk rage
 z - 2 potions of attraction
 T - 9 potions of ambrosia
Miscellaneous
 V - a lightning rod (4/4)


   Skills:
 + Level 12.2 Fighting
 - Level 5.5(8.4) Maces & Flails
 + Level 9.8(10.5) Staves
 + Level 12.2 Armour
 + Level 9.8 Dodging
 - Level 2.1 Stealth
 + Level 12.4 Spellcasting
 + Level 8.2 Conjurations
 - Level 0.7 Transmutations
 + Level 18.1 Earth Magic


You had 10 spell levels left.
You knew the following spells:

 Your Spells              Type           Power      Damage    Failure   Level
a - Sandblast             Erth           100%       2d20      0%          1
b - Stone Arrow           Conj/Erth      100%       3d13      1%          3
c - Fireball              Conj/Fire      26%        3d12      5%          5
d - Passwall              Tmut/Erth      63%        N/A       1%          2
e - Petrify               Tmut/Erth      76%        N/A       1%          4
f - Iron Shot             Conj/Erth      44%        9d9       1%          6
g - Leda's Liquefaction   Hex/Erth       37%        N/A       1%          4
z - Lee's Rapid Deconstr  Erth           51%        3d24*     1%          5

Your spell library contained the following spells:

 Spells                   Type           Power      Damage    Failure   Level
 Spellforged Servitor     Conj/Summ      26%        N/A       80%         7
 Foxfire                  Conj/Fire      100%       2x1d9     1%          1
 Momentum Strike          Conj/Tloc      100%       3d10      1%          2
 Poisonous Vapours        Pois/Air       46%        N/A       1%          2
 Hailstorm                Conj/Ice       52%        3d12      1%          3
 Fulminant Prism          Conj/Hex       26%        3d13      1%          4
 Iskenderun's Mystic Bla  Conj/Tloc      52%        2d11      1%          4
 Sticky Flame             Conj/Fire      52%        2d7       1%          4
 Beastly Appendage        Tmut           56%        N/A       2%          1
 Apportation              Tloc           46%        N/A       3%          1
 Necrotise                Necr           92%        1d8       3%          1
 Sting                    Tmut/Pois      100%       1d8       3%          1
 Summon Small Mammal      Summ           92%        N/A       3%          1
 Ignite Poison            Fire/Tmut/Pois 25%        N/A       3%          3
 Inner Flame              Hex/Fire       23%        N/A       3%          3
 Kindle Blastsparks       Fire/Tloc/Air  46%        2d13      3%          3
 Wereblood                Tmut           28%        N/A       4%          2
 Arcjolt                  Conj/Air       26%        1d36      5%          5
 Blink                    Tloc           46%        N/A       6%          2
 Ensorcelled Hibernation  Hex/Ice        46%        N/A       6%          2
 Lesser Beckoning         Tloc           46%        N/A       6%          2
 Spider Form              Tmut/Pois      26%        N/A       10%         3
 Freezing Cloud           Conj/Ice/Air   21%        6-21      10%         5
 Olgreb's Toxic Radiance  Pois           23%        N/A       11%         4
 Ozocubu's Armour         Ice            23%        N/A       12%         3
 Swiftness                Air            23%        N/A       12%         3
 Tukima's Dance           Hex            23%        N/A       12%         3
 Vhi's Electric Charge    Tloc/Air       46%        N/A       12%         3
 Orb of Destruction       Conj           35%        9d10      28%         7
 Cause Fear               Hex            11%        N/A       36%         4
 Agony                    Necr           23%        N/A       71%         5
 Metabolic Englaciation   Hex/Ice        11%        N/A       71%         5
 Summon Mana Viper        Hex/Summ       23%        N/A       71%         5
 Simulacrum               Ice/Necr       11%        N/A       99%         6
 Ozocubu's Refrigeration  Ice            11%        4d10      99%         7
 Malign Gateway           Summ/Tloc      11%        N/A       100%        7
 Discord                  Hex            11%        N/A       100%        8
 Ignition                 Fire           11%        3d5       100%        8
 Maxwell's Capacitive Co  Air            11%        ∞         100%        8
 Summon Horrible Things   Summ           11%        N/A       100%        8
 Polar Vortex             Ice            11%        N/A       100%        9
 Statue Form              Tmut/Erth      Unusable   N/A       N/A         6

Dungeon Overview and Level Annotations

Branches:
Dungeon (15/15)            Temple (1/1) D:4            Lair (5/5) D:11
  Swamp (0/4) Lair:2       Spider (3/4) Lair:2        Slime (0/5) Lair:4
    Orc (2/2) D:9             Elf (0/3) Orc:2        Vaults (0/5) D:13
 Depths (0/4) D:15        Ossuary (visited)

Altars:
Ashenzari
Cheibriados
Dithmenos
Elyvilon
Fedhas
Gozag
Hepliaklqana
Kikubaaqudgha
Makhleb
Nemelex Xobeh
Okawaru
Qazlal
Ru
Sif Muna
Trog
Uskayaw
Vehumet
Wu Jian
Xom
Yredelemnul
Zin
The Shining One
Jiyva

Shops:
D:9 *   Orc:1 *   Orc:2 =[**

Annotations:
D:15 4 transporters


Innate Abilities, Weirdness & Mutations

You are a tree.
Your roots penetrate the ground, keeping you stationary.
You cannot be teleported.
You are immune to unholy pain and torment.
Your maximum health is greatly increased.
Your equipment is partially melded.
You are immune to sickness and miasma.
((Your stone body is resilient. (AC +12)))
You are immune to poison.
((Your large and strong wings let you fly.))
You resist negative energy. (rN+)
((You are resistant to electric shocks. (rElec)))
You are resistant to unholy torment.
You are immune to petrification.
((You are partially covered in iridescent scales. (AC +2)))
You are clumsy. (Dex -2)
Your natural rate of healing is unusually fast.
You occasionally lose the ability to read scrolls when taking damage.


Message History

You attack the rock wall.
The redback bites you!
* * * LOW HITPOINT WARNING * * *
The redback bites you but does no damage.
You attack the rock wall.
The redback bites you!
* * * LOW HITPOINT WARNING * * *
The redback bites you but does no damage. x2
The jumping spider leaps!
The redback bites you but does no damage.
You are more confused.
You feel invigorated.
The redback bites you but does no damage. x2
You hit the redback.
The redback is moderately wounded.
The redback bites you.
* * * LOW HITPOINT WARNING * * *
The redback bites you but does no damage.
The jumping spider leaps!
The redback bites you but does no damage.
The jumping spider leaps!
The redback bites you!
* * * LOW HITPOINT WARNING * * *
You attack the rock wall.
The redback bites you but does no damage. x2
You nearly hit yourself!
The redback completely misses you. The redback bites you!
* * * LOW HITPOINT WARNING * * *
The redback bites you.
* * * LOW HITPOINT WARNING * * *
The redback bites you but does no damage.
You attack the rock wall.
You feel less invigorated. The redback bites you!
* * * LOW HITPOINT WARNING * * *
The redback bites you.
* * * LOW HITPOINT WARNING * * *
You are too confused!
Really quaff the potion of mutation?
You feel extremely strange.
You occasionally lose the ability to read scrolls when taking damage.
You begin to heal more quickly.
You feel clumsy.
Iridescent scales grow over part of your body.
The redback's wounds heal themselves!
The redback bites you!
You die... .#.. .... ..... ####..... ##......# ?s.... ##ss#### #sssss.#

#♣#ws..[..
####......
#.>.##
##..^ .. .
######
##...^##
#..^...#
###<...


You could see a demonic crawler, a culicivora, 2 jumping spiders, a tarantella
and 3 redbacks.

Vanquished Creatures
  Gastronok (D:8)
  Kirke (Lair:3)
  Roxanne (D:15)
  An emperor scorpion (Lair:2)
  2 ghost moths
  A broodmother (Spider:2)
  The ghost of Obburaj the Frost Mage, a journeyman NaIE of Vehumet (Lair:3)
  2 spark wasps
  An ettin (Orc:2)
  2 entropy weavers
  6 hydras
  A jorogumo (Spider:2)
  4 vault guards
  2 catoblepae (Lair:5)
  10 centaur warriors
  7 death yaks
  A death scarab (Spider:1)
  A deep troll shaman (Lair:5)
  2 boulder beetles (D:13)
  4 tengu warriors
  10 two-headed ogres
  An orc high priest (Orc:2)
  2 skysharks (Lair:3)
  A sea snake (shapeshifter) (D:15)
  5 pharaoh ants
  A skeletal warrior (D:13)
  2 orb spiders (Spider:2)
  An obsidian statue (Lair:3)
  2 steelbarb worms
  2 bog bodies (Lair:2)
  3 deep elf pyromancers
  2 harpies (shapeshifter)
  5 lindwurms
  An oklob plant (Lair:2)
  7 orc knights
  11 cyclopes
  5 orc sorcerers (Orc:2)
  3 manticores
  8 wolf spiders
  A moth of wrath (Spider:3)
  A salamander (shapeshifter) (D:12)
  17 ugly things
  2 black mambas
  14 elephants
  2 gargoyles
  4 demonic crawlers
  6 torpor snails
  8 cane toads
  4 kobold demonologists
  Psyche (D:9)
  2 unseen horrors (D:13)
  2 efreet (D:15)
  4 yaktaurs (D:15)
  9 komodo dragons
  2 freezing wraiths (D:14)
  7 trolls
  A merfolk (shapeshifter) (D:11)
  15 tarantellas
  6 meliai
  A queen bee (Lair:4)
  A hornet (Lair:3)
  2 polar bears
  8 saltlings (Orc:2)
  8 dream sheep
  19 blink frogs
  15 jumping spiders
  14 slime creatures
  14 culicivoras
  A centaur simulacrum (D:15)
  2 spriggans (Lair:3)
  6 wraiths
  2 shadows
  31 yaks
  3 hogs (Lair:3)
  2 wyverns (Lair:5)
  7 basilisks
  A steam dragon (D:6)
  18 redbacks
  8 humans
  18 vampire mosquitoes
  8 wargs
  7 water moccasins
  An acid dragon (D:12)
  10 orc warriors
  2 sky beasts
  4 black bears
  A meliai simulacrum (D:13)
  3 ogres
  A boggart (Lair:3)
  An ice beast (D:7)
  7 wolves
  5 centaurs
  2 phantoms
  2 kobold brigands
  14 bullfrogs
  7 scorpions
  5 water moccasin zombies (Ossuary)
  9 wights
  25 killer bees
  10 howler monkeys
  8 electric eels
  3 hounds
  4 jellies
  8 orc priests
  An iguana (D:6)
  A sleepcap (D:5)
  15 orc wizards
  6 hell rats (Lair:3)
  2 mummies (Ossuary)
  6 adders
  2 ufetubi
  2 adder zombies (Ossuary)
  7 worms
  52 orcs
  3 bats
  4 endoplasms
  5 giant cockroaches
  3 gnoll zombies (Ossuary)
  7 goblins
  6 hobgoblins
  11 kobolds
  4 quokkas
  8 ball pythons
  2 frilled lizards (D:1)
  6 hobgoblin zombies (Ossuary)
  4 kobold zombies (Ossuary)
  5 orc zombies (Ossuary)
  5 rats
  A pillar of salt (Orc:2)
727 creatures vanquished.

Vanquished Creatures (others)
  A human (Lair:3)
  An orc (Orc:2)
  47 fungi
  4 pillars of salt (Orc:2)
  59 plants
112 creatures vanquished.

Grand Total: 839 creatures vanquished

Notes
Turn   | Place    | Note
-------+----------+-------------------------------------------
     0 | D:1      | cheesebisquit the Gargoyle Earth Elementalist began the
                  | quest for the Orb.
     0 | D:1      | Reached XP level 1. HP: 10/10 MP: 3/3
   340 | D:1      | Reached skill level 4 in Earth Magic
   398 | D:1      | Reached XP level 2. HP: 15/15 MP: 3/5
   976 | D:2      | Reached XP level 3. HP: 19/19 MP: 2/6
  1449 | D:2      | Reached skill level 5 in Earth Magic
  1656 | D:2      | Reached XP level 4. HP: 24/24 MP: 4/8
  2340 | D:3      | Reached XP level 5. HP: 28/28 MP: 7/9
  2738 | D:4      | Reached skill level 6 in Earth Magic
  2819 | D:4      | Found a stormy altar of Qazlal.
  2850 | D:4      | Got the Catalogue of Doomed Beckoning
  2873 | D:4      | Noticed a black bear
  2880 | D:4      | Killed a black bear
  2881 | D:4      | Reached skill level 7 in Earth Magic
  2881 | D:4      | Reached XP level 6. HP: 24/32 MP: 5/11
  3087 | D:4      | Reached XP level 7. HP: 36/36 MP: 6/13
  3273 | D:4      | Reached skill level 8 in Earth Magic
  3435 | D:4      | Found a staircase to the Ecumenical Temple.
  3450 | Temple   | Entered the Ecumenical Temple
  3514 | Temple   | Became a worshipper of Vehumet
  3568 | D:5      | Entered Level 5 of the Dungeon
  3841 | D:5      | Found a sand-covered staircase.
  3914 | Ossuary  | Entered an ossuary
  4158 | Ossuary  | Reached skill level 9 in Earth Magic
  4164 | Ossuary  | Learned a level 3 spell: Stone Arrow
  4170 | Ossuary  | Learned a level 5 spell: Lee's Rapid Deconstruction
  4263 | Ossuary  | Reached XP level 8. HP: 41/41 MP: 11/15
  4266 | Ossuary  | Reached skill level 5 in Spellcasting
  4268 | Ossuary  | Reached * piety under Vehumet
  4268 | Ossuary  | Offered knowledge of Shock by Vehumet.
  4485 | D:5      | Found a shimmering altar of Xom.
  4832 | D:5      | Reached skill level 10 in Earth Magic
  5560 | D:6      | Reached skill level 11 in Earth Magic
  5786 | D:6      | Reached XP level 9. HP: 45/45 MP: 16/18
  6145 | D:6      | Reached skill level 12 in Earth Magic
  6396 | D:7      | Reached ** piety under Vehumet
  6396 | D:7      | Offered knowledge of Foxfire by Vehumet.
  6802 | D:7      | Learned a level 2 spell: Passwall
  6807 | D:7      | Learned a level 4 spell: Petrify
  6911 | D:8      | Reached skill level 13 in Earth Magic
  6968 | D:8      | Reached skill level 1 in Fighting
  6968 | D:8      | Reached skill level 1 in Armour
  6970 | D:8      | Reached skill level 1 in Maces & Flails
  7270 | D:8      | Offered knowledge of Scorch by Vehumet.
  7271 | D:8      | Reached XP level 10. HP: 53/53 MP: 16/20
  7430 | D:8      | Found a hazy altar of Hepliaklqana.
  7606 | D:8      | Found a broken altar of Ashenzari.
  7936 | D:9      | Noticed Psyche
  7938 | D:9      | Killed Psyche
  8103 | D:9      | Found a staircase to the Orcish Mines.
  8230 | D:9      | Noticed a two-headed ogre
  8234 | D:9      | Killed a two-headed ogre
  8312 | D:9      | Noticed Gastronok
  8547 | D:8      | Killed Gastronok
  8711 | D:8      | Reached XP level 11. HP: 53/61 MP: 12/23
  8772 | D:9      | Reached *** piety under Vehumet
  8900 | D:9      | Found Idoq's Assorted Antiques.
  8903 | D:9      | Bought 2 potions of heal wounds for 330 gold pieces
  8903 | D:9      | Bought a potion of curing for 99 gold pieces
  8903 | D:9      | Bought a scroll labelled HEMEDELUTE for 33 gold pieces
  9021 | D:9      | Noticed a moth of wrath
  9024 | D:9      | Found a bloodstained altar of Trog.
  9252 | D:10     | Entered Level 10 of the Dungeon
  9702 | D:10     | Reached skill level 14 in Earth Magic
 10830 | D:10     | Found an ornate altar of the Wu Jian Council.
 10993 | D:11     | Reached skill level 5 in Fighting
 10993 | D:11     | Reached skill level 5 in Armour
 11020 | D:11     | Noticed a two-headed ogre
 11025 | D:11     | Killed a two-headed ogre
 11242 | D:11     | Found a staircase to the Lair.
 11242 | D:11     | Noticed a cyclops
 11251 | D:11     | Killed a cyclops
 11494 | D:11     | Noticed a six-headed hydra
 11508 | D:11     | Killed a six-headed hydra
 11509 | D:11     | Reached skill level 5 in Maces & Flails
 11764 | D:11     | Offered knowledge of Flame Wave by Vehumet.
 11832 | D:11     | Noticed a two-headed ogre
 11835 | D:11     | Killed a two-headed ogre
 11904 | D:11     | Noticed a two-headed ogre
 11909 | D:11     | Killed a two-headed ogre
 12389 | D:12     | Reached XP level 12. HP: 51/70 MP: 2/24
 12542 | D:12     | Reached skill level 5 in Dodging
 12626 | D:12     | Identified the +5 quarterstaff of the Imperium {freeze, rF+
                  | Int+2 SInv Stlth-}
 12866 | D:12     | Noticed a two-headed ogre
 12872 | D:12     | Killed a two-headed ogre
 12873 | D:12     | Reached skill level 1 in Staves
 13743 | D:9      | Bought a lumpy diamond amulet for 165 gold pieces
 13743 | D:9      | Bought a scroll labelled HYV ERHUT VOZAOSK for 33 gold
                  | pieces
 13834 | Lair:1   | Entered Level 1 of the Lair of Beasts
 14954 | Lair:2   | Reached **** piety under Vehumet
 15086 | Lair:2   | Found a hole to the Spider Nest.
 15154 | Lair:2   | Found a staircase to the Swamp.
 15158 | Lair:2   | Reached skill level 15 in Earth Magic
 15233 | Lair:2   | Noticed a death yak
 15239 | Lair:2   | Killed a death yak
 15323 | Lair:2   | Noticed a death yak
 15323 | Lair:2   | Noticed a death yak
 15335 | Lair:2   | Killed a death yak
 15340 | Lair:2   | Killed a death yak
 15485 | Lair:2   | Offered knowledge of Airstrike by Vehumet.
 15566 | Lair:2   | Found a hide-covered altar of Uskayaw.
 15891 | Lair:2   | Reached XP level 13. HP: 77/77 MP: 20/26
 16788 | Lair:3   | Got the Papyrus of Shifting Thermatology
 17031 | Lair:3   | Identified the +6 leather armour of Restlessness {+Blink
                  | rElec rC- rN+}
 17168 | Lair:3   | Found a runed translucent door.
 17187 | Lair:3   | Noticed Kirke
 17354 | Lair:3   | Killed Kirke
 17355 | Lair:3   | Reached skill level 10 in Spellcasting
 17786 | Lair:3   | Noticed Obburaj's ghost (journeyman NaIE)
 18165 | Lair:3   | Identified the +4 spear of Arrival {protect, rPois Str+4}
 18306 | Lair:3   | Reached skill level 5 in Staves
 19531 | Lair:4   | Found a viscous altar of Jiyva.
 19532 | Lair:4   | Found a staircase to the Slime Pits.
 20035 | Lair:4   | Reached skill level 16 in Earth Magic
 20164 | Lair:4   | Gained mutation: Your large and strong wings let you fly.
                  | [Gargoyle growth]
 20164 | Lair:4   | Reached XP level 14. HP: 86/86 MP: 16/28
 20184 | Lair:4   | Reached ***** piety under Vehumet
 20234 | Lair:4   | Offered knowledge of Yara's Violent Unravelling by Vehumet.
 20507 | Lair:4   | Got A Thorough Guide to Willworking
 20515 | Lair:4   | Identified the +0 quarterstaff of Wywna {freeze, rPois}
 21080 | Lair:5   | Entered Level 5 of the Lair of Beasts
 23134 | Lair:5   | Reached skill level 10 in Armour
 23575 | Lair:5   | Reached skill level 10 in Fighting
 24925 | Lair:3   | Killed Obburaj's ghost
 25909 | Orc:1    | Entered Level 1 of the Orcish Mines
 26425 | Orc:1    | Found Jevvut's Overcharged Wands.
 26649 | Orc:1    | You are sucked into a shaft and drop 1 floor!
 26649 | Orc:2    | Entered Level 2 of the Orcish Mines
 26790 | Orc:2    | Offered knowledge of Eringya's Noxious Bog by Vehumet.
 27237 | Orc:2    | Paralysed by an orc sorcerer for 5 turns
 27366 | Orc:2    | Reached XP level 15. HP: 79/92 MP: 18/30
 27754 | Orc:2    | Found a staircase to the Elven Halls.
 28856 | Orc:2    | Found Jiyrhoit's Armour Shoppe.
 28859 | Orc:2    | Found Efozotul's Assorted Antiques.
 28865 | Orc:2    | Bought a scroll of identify for 58 gold pieces
 28870 | Orc:2    | Bought a +2 robe of willpower for 300 gold pieces
 29028 | Orc:2    | Found Angint's Jewellery Shop.
 29034 | Orc:2    | Bought the ring "Qyiwuh" {rC+ Will+ Int+2} for 648 gold
                  | pieces
 29063 | Orc:2    | Found Ontorchou's Assorted Antiques.
 29084 | Orc:2    | Reached skill level 17 in Earth Magic
 29232 | Orc:2    | Bought a scroll of enchant armour for 210 gold pieces
 29232 | Orc:2    | Bought a scroll of enchant armour for 210 gold pieces
 29919 | D:13     | Found an opulent altar of Gozag.
 30053 | D:13     | Identified a scroll of acquirement
 30054 | D:13     | Acquired a +0 pair of boots of stealth
 31279 | D:13     | HP: 3/94 [centaur warrior/arrow (13)]
 32079 | D:13     | Found a glowing silver altar of Zin.
 32079 | D:13     | Found a shimmering altar of Xom.
 32119 | D:13     | Offered knowledge of Fireball by Vehumet.
 32126 | D:13     | Learned a level 5 spell: Fireball
 32173 | D:13     | Found a white marble altar of Elyvilon.
 32175 | D:13     | Found a shimmering altar of Xom.
 32275 | D:13     | Found a gate to the Vaults.
 32655 | D:14     | Got An Early Guide to Sorcery
 32684 | D:14     | Acquired a staff of earth
 33064 | D:14     | Reached XP level 16. HP: 100/100 MP: 23/31
 34052 | D:15     | Entered Level 15 of the Dungeon
 34846 | D:15     | Noticed Roxanne
 35451 | D:15     | Found a staircase to the Depths.
 36202 | D:15     | Found a transporter.
 36203 | D:15     | Found a transporter.
 36206 | D:15     | Found a transporter.
 36286 | D:15     | Found a transporter.
 36458 | D:15     | Killed Roxanne
 36756 | Spider:1 | Entered Level 1 of the Spider Nest
 37377 | Lair:2   | Found a hole to the Spider Nest.
 37495 | Lair:2   | Found a hide-covered altar of Uskayaw.
 37685 | Lair:2   | Found a staircase to the Swamp.
 39015 | Lair:2   | Reached skill level 18 in Earth Magic
 39988 | Spider:1 | Offered knowledge of Iron Shot by Vehumet.
 40054 | Lair:2   | Learned a level 6 spell: Iron Shot
 40133 | Spider:1 | Reached skill level 1 in Conjurations
 40794 | Spider:1 | Learned a level 4 spell: Leda's Liquefaction
 41205 | Spider:1 | You are sucked into a shaft and drop 1 floor!
 41740 | Spider:2 | Reached skill level 5 in Conjurations
 43079 | Spider:2 | Reached XP level 17. HP: 105/106 MP: 1/33
 44600 | Spider:3 | Offered knowledge of Spellforged Servitor by Vehumet.
 44790 | Spider:3 | HP: 5/159 [redback (12)]
 44795 | Spider:3 | HP: 5/159 [redback (8)]
 44795 | Spider:3 | HP: 2/159 [redback (3)]
 44796 | Spider:3 | Gained mutation: You occasionally lose the ability to read
                  | scrolls when taking damage. [potion of mutation]
 44796 | Spider:3 | Gained mutation: Your natural rate of healing is unusually
                  | fast. [potion of mutation]
 44796 | Spider:3 | Gained mutation: You are clumsy. (Dex -2) [potion of
                  | mutation]
 44796 | Spider:3 | Gained mutation: You are partially covered in iridescent
                  | scales. (AC +2) [potion of mutation]
 44796 | Spider:3 | Mangled by a redback

Illustrated notes

Levels and vault maps discovered:
D:1:      dpeg_arrival_tiny_d, layout_loops_ring, roderic_roman_lattice
D:2:      layout_loops_ring
D:3:      layout_rooms, dk_vineyard_3
D:4:      layout_loops_cross, nicolae_qazlal_scattered_showers,
          minmay_temple_entry_fiery, serial_bayou_pond_b
D:5:      layout_loops_ring, xom_butterflies,
          nicolae_ossuary_entry_false_entrances
D:6:      layout_loops_corners, minmay_diced_spiral
D:7:      layout_rooms, wad_floor_pattern_untrapped
D:8:      layout_loops_corners, lemuel_round_altar, lemuel_round_altar
D:9:      layout_gridville, tgw_trog, minmay_orc_entry_guard_dogs, serial_shops,
          nicolae_shop_behind_doors, uniq_psyche, uniq_gastronok
D:10:     layout_loops_ring, lemuel_coloured_pillars_altar
D:11:     layout_basic, lair_entry_dummy
D:12:     layout_roguey
D:13:     minmay_the_grid_octo_tiled_octocenter_mashed
          [minmay_the_grid_octo_chip, minmay_the_grid_octo_fat_diamond,
          minmay_the_grid_octo_shrine, minmay_the_grid_octo_vomiting_pacman,
          minmay_the_grid_octo_prize_star, minmay_the_grid_square_5x5_plus,
          minmay_the_grid_square_5x5_broken_cross,
          minmay_the_grid_square_5x5_eight,
          minmay_the_grid_square_5x5_bracketed], layout_rooms,
          ximxim_vaults_locker_room
D:14:     layout_irregular_city, nicolae_twisting_strands
D:15:     hangedman_depths_entry_try_elsewhere_first, layout_stronghold,
          minmay_misc_feat_roman, nicolae_diode_quadrants, uniq_roxanne
Temple:   nicolae_temple_x_marks_the_god
Lair:1:   layout_cave_pods
Lair:2:   layout_roguey, skrybe_swamp_entry_bodies,
          nicolae_spider_entry_non_spiders, nicolae_quartered_pool_super,
          lemuel_oklob_altar
Lair:3:   statuecave_lemuel, layout_regular_city, ebering_ghost_funeral_grove,
          uniq_kirke
Lair:4:   layout_roguey [special_room_bee], dpeg_slime_entry_enclosed,
          st_stairs_12, minmay_lindwurm_lava, serial_bayou_shore_b
Lair:5:   grunt_lair_end_beastmaster, layout_concentric_octagons
Spider:1: layout_spider_delve
Spider:2: layout_spider_delve, hellmonk_spider_spawner,
          hangedman_spider_tarantella_strand
Spider:3: layout_spider_delve
Orc:1:    layout_caves, nicolae_shop_overcharged_wands
Orc:2:    hellmonk_orc_salted, layout_caves

Skill      XL: |  1  2  3  4  5  6  7  8  9 10 11 12 13 14 15 16 17 |
---------------+----------------------------------------------------+-----
Earth Magic    | 4 5 7 9 11 13 14 15 16 17 18 | 18.1
Spellcasting   | 3 4 6 7 8 9 10 11 12 | 12.4
Fighting       | 1 4 6 7 9 10 11 12 | 12.2
Armour         | 1 4 6 7 9 10 11 12 | 12.2
Maces & Flails | 1 3 5 |  5.5
Dodging        | 2 3 4 6 7 8 9 |  9.8
Staves         | 4 5 7 8 9 |  9.8
Conjurations   | 7 8 |  8.2
Stealth        | |  2.1
Transmutations | |  0.7

Action                     |  1- 3 |  4- 6 |  7- 9 | 10-12 | 13-15 | 16-18 || total
---------------------------+-------+-------+-------+-------+-------+-------++-------
  Melee: Whip              |       |     4 |       |       |       |       ||     4
         Flail             |       |       |     1 |       |       |       ||     1
         Morningstar       |       |       |     1 |    18 |       |       ||    19
         Quarterstaff      |       |       |       |     7 |   123 |   125 ||   255
         Unarmed           |       |       |       |       |     2 |     3 ||     5
  Throw: Dart              |       |       |       |       |       |    11 ||    11
   Cast: Sandblast         |    36 |    56 |   195 |    19 |       |       ||   306
         Stone Arrow       |       |       |       |   282 |   843 |   222 ||  1347
         Lee's Rapid Decon |       |       |       |       |    17 |    25 ||    42
         Iron Shot         |       |       |       |       |       |   124 ||   124
  Evoke: Wand              |       |       |       |       |       |     1 ||     1
    Use: Potion            |       |     1 |     1 |     5 |    17 |    12 ||    36
         Scroll            |       |       |    13 |    12 |    15 |     6 ||    46
   Stab: Invisible         |       |       |       |       |       |     6 ||     6
 Armour: Robe              |     1 |     1 |    59 |    46 |   446 |   292 ||   845
         Skin              |       |       |       |       |       |    26 ||    26
  Dodge: Dodged            |     2 |    15 |    93 |   108 |   472 |   343 ||  1033

Table legend: (Time is in decaauts)
 A = Elapsed time spent in this place.
 B = Non-inter-level travel time spent in this place.
 C = Inter-level travel time spent in this place.
 D = Time resting spent in this place.
 E = Time spent auto-exploring this place.
 F = Levels seen in this place.
 G = Mean time per level.
                   A        B        C        D        E       F      G
               +--------+--------+--------+--------+--------+-----+--------+
         Total |  45144 |  41002 |   4142 |   9706 |  25610 |  27 | 1672.0 |
       Dungeon |  21249 |  18819 |   2430 |   2318 |  13686 |  15 | 1416.6 |
        Temple |     72 |     52 |     20 |      0 |     46 |   1 |   72.0 |
          Lair |  14327 |  13019 |   1308 |   3184 |   8216 |   5 | 2865.4 |
   Spider Nest |   5702 |   5457 |    245 |   3143 |   1598 |   3 | 1900.7 |
  Orcish Mines |   3269 |   3130 |    139 |    943 |   1761 |   2 | 1634.5 |
       Ossuary |    523 |    523 |      0 |    118 |    303 |   1 |  523.0 |
               +--------+--------+--------+--------+--------+-----+--------+

Top non-repeatable levels by time:
  Lair:3: 4967 daAuts
  Lair:2: 3218 daAuts
Spider:1: 2989 daAuts
  Lair:5: 2586 daAuts
    D:12: 2566 daAuts
    D:15: 2466 daAuts
Spider:2: 2300 daAuts
  Lair:4: 2148 daAuts
   Orc:2: 2106 daAuts
    D:13: 1910 daAuts
    D:11: 1791 daAuts
     D:9: 1594 daAuts
     D:8: 1465 daAuts
    D:10: 1429 daAuts
    D:14: 1411 daAuts
